 Dungeon Crawl Stone Soup version 0.31-a0-237-g2d982f9f85 (webtiles) character file.

Game seed: 13626826203026022271

43 qw the Shooter (level 3, -8/21 HPs)
             Began as a Gargoyle Hexslinger on July 10, 2023.
             Mangled by an iguana (11 damage)
             ... on level 3 of the Dungeon.
             The game lasted 00:00:32 (1763 turns).

qw the Shooter (Gargoyle Hexslinger)                Turns: 1763, Time: 00:00:33

Health: -8/21      AC:  5    Str: 11    XL:     3   Next: 58%
Magic:  4/4        EV: 17    Int: 13    God:
Gold:   124        SH:  0    Dex: 14    Spells: 3/4 levels left

rFire   . . .        Y - +1 sling
rCold   . . .        (no shield)
rNeg    + . .        c - +0 robe
rPois   inf          (no helmet)
rElec   +            (no cloak)
rCorr   .            (no gloves)
SInv    .            (no boots)
Will    .....        (no amulet)
Stlth   +            d - +5 ring of evasion
HPRegen 0.23/turn    (no ring)
MPRegen 0.09/turn

%: no passive effects
@: about to teleport
A: sickness immunity, AC +3, negative energy resistance 1, electricity
resistance, torment resistance 1, petrification resistance
a: no special abilities


You were on level 3 of the Dungeon.
You visited 1 branch of the dungeon, and saw 3 of its levels.

You collected 124 gold pieces.


Innate Abilities, Weirdness & Mutations

You are immune to sickness and miasma.
Your stone body is resilient. (AC +3)
You are immune to poison.
You resist negative energy. (rN+)
You are resistant to electric shocks. (rElec)
You are resistant to unholy torment.
You are immune to petrification.


   Skills:
 - Level 2.0 Fighting
 + Level 3.5 Ranged Weapons
 - Level 1.5 Dodging
 - Level 1.0 Spellcasting
 - Level 2.6 Hexes


You had 3 spell levels left.
You knew the following spells:

 Your Spells              Type           Power      Damage    Failure   Level
a - Slow                  Hex            28%        N/A       10%         1

Your spell library contained the following spells:

 Spells                   Type           Power      Damage    Failure   Level
 Inner Flame              Hex/Fire       4%         N/A       43%         3
 Portal Projectile        Hex/Tloc       8%         N/A       43%         3
 Cause Fear               Hex            3%         N/A       67%         4

Inventory:

Hand Weapons
 Y - a +1 sling (weapon)
Armour
 c - a +0 robe (worn)
Jewellery
 d - a +5 ring of evasion (left hand)
 g - a ring of fire
Potions
 b - a potion of resistance {unknown}
 e - a potion of brilliance {unknown}
 f - a potion of mutation {unknown}
 h - a potion of cancellation

Dungeon Overview and Level Annotations

Branches:
Dungeon (3/15)

Altars:


Message History

a - a scroll of teleportation
Enter note:
Enter note:
Enter note: An iguana comes into view.
Enter note:
Enter note:
Enter note: You shoot a sling bullet.
The sling bullet hits the iguana.
The iguana hisses angrily.
The iguana is lightly wounded.
You shoot a sling bullet.
The sling bullet barely misses the iguana.
You shoot a sling bullet.
The sling bullet barely misses the iguana.
You shoot a sling bullet.
The sling bullet hits the iguana but does no damage.
The iguana is lightly wounded.
An adder comes into view.
You shoot a sling bullet. The adder hisses angrily.
The sling bullet hits the iguana.
The iguana is lightly wounded.
The iguana bites you but does no damage.
You shoot a sling bullet.
The sling bullet barely misses the iguana.
The iguana misses you.
You shoot a sling bullet. The sling bullet hits the iguana.
The iguana is moderately wounded.
The iguana bites you! The adder bites you but does no damage.
The iguana closely misses you.
You shoot a sling bullet.
The sling bullet closely misses the iguana.
The adder barely misses you. The iguana bites you!
The adder closely misses you.
1763 ||| READING scroll of teleportation.
As you read the scroll of teleportation, it crumbles to dust.
You feel strangely unstable. The adder misses you. The iguana bites you!
Ouch! That really hurt!
You die...

#.# #.# #.#... #.#
#.. .%...# #.#
##.#... #.# # . #.#
.# .. # #.#
####.#... #.##.#
#........
#....#######..$....#
###.........@S.....#
##.#######l....#.#
#.. ......# ####
###......# #.#.###
!#.# .# # .#


You could see an iguana and an adder.

Vanquished Creatures
  A worm (D:2)
  2 dart slugs
  5 ball pythons
  A bat (D:2)
  6 endoplasms
  A giant cockroach (D:3)
  3 goblins
  2 hobgoblins
  4 jackals (D:3)
  2 kobolds
  2 frilled lizards
  2 rats
31 creatures vanquished.

Notes
Turn   | Place    | Note
-------+----------+-------------------------------------------
     0 | D:1      | qw the Gargoyle Hexslinger began the quest for the Orb.
     0 | D:1      | Reached XP level 1. HP: 12/12 MP: 2/2
     0 | D:1      | 0 ||| qw: Version: 0.3-a-52-g30416fa
     0 | D:1      | 0 ||| qw: Game counter: 5122
     0 | D:1      | 0 ||| qw: Melee chars always use a shield: true
     0 | D:1      | 0 ||| qw: God list: Okawaru
     0 | D:1      | 0 ||| qw: Allow faded altars: false
     0 | D:1      | 0 ||| qw: Do Orc after clearing Dungeon:15 true
     0 | D:1      | 0 ||| qw: Do second Lair branch before Depths: true
     0 | D:1      | 0 ||| qw: Lair rune preference: random
     0 | D:1      | 0 ||| qw: Goals: Normal
     0 | D:1      | 0 ||| PLANNING D:1-11
    46 | D:1      | Found a faded altar of an unknown god.
   150 | D:1      | Reached XP level 2. HP: 14/16 MP: 3/3
   584 | D:1      | Reached skill level 3 in Ranged Weapons
   659 | D:1      | 659 ||| READING scroll labelled ROWEER ECIYKA.
   664 | D:1      | 664 ||| DROPPING scroll of poison.
  1140 | D:2      | Reached XP level 3. HP: 21/21 MP: 4/4
  1456 | D:2      | 1456 ||| UPGRADING to +5 ring of evasion.
  1457 | D:2      | 1457 ||| READING scroll labelled HYD IZXAVULL.
  1458 | D:2      | 1458 ||| READING scroll labelled YBAOGH WEGIM.
  1459 | D:2      | 1459 ||| DRINKING 2 fizzy green potions.
  1460 | D:2      | 1460 ||| DRINKING 2 black potions.
  1461 | D:2      | 1461 ||| DROPPING potion of magic.
  1762 | D:3      | HP: 3/21 [iguana (10)]
  1763 | D:3      | 1763 ||| READING scroll of teleportation.
  1763 | D:3      | Mangled by an iguana

Levels and vault maps discovered:
D:1:      shiori_arrival_oz, layout_basic,
          hellmonk_ecumenical_altar_leap_of_faith, minmay_misc_feat_plants
D:2:      layout_loops_corners, minmay_cupped
D:3:      layout_loops_ring, uniq_crazy_yiuf_cottage

Skill      XL: |  1  2  3 |
---------------+----------+-----
Ranged Weapons | 3 |  3.5
Fighting       | 2 |  2.0
Dodging        | |  1.5
Spellcasting   | |  1.0
Hexes          | |  2.6

Action                     || total
---------------------------++-------
   Fire: Sling             ||   106
    Use: Scroll            ||     4
         Potion            ||     2
 Armour: Robe              ||    22
  Dodge: Dodged            ||    54

Table legend:
 A = Non-vault XP
 B = Vault XP
 C = Vault XP percentage of total XP
 D = Non-vault monster count
 E = Vault monster count
 F = Vault count percentage of total count
                 A         B        C        D         E       F
            +---------+---------+-------+---------+---------+-------
      Total |      55 |       7 |  11.3 |      27 |       4 |  12.9
            +---------+---------+-------+---------+---------+-------
        D:1 |      18 |       2 |  10.0 |       9 |       1 |  10.0
        D:2 |      14 |       5 |  26.3 |       6 |       3 |  33.3
        D:3 |      23 |       0 |   0.0 |      12 |       0 |   0.0
            +---------+---------+-------+---------+---------+-------
